 Dungeon Crawl Stone Soup version 0.29.1-1-gd02db6906a (webtiles) character file.

Game seed: 4719333079425172036

671 Dawq the Magician (level 7, -12/45 HPs)
             Began as a Djinni Conjurer on Sept 28, 2022.
             Mangled by Duvessa
             ... wielding a +0 short sword
              (16 damage)
             ... on level 4 of the Dungeon.
             The game lasted 00:18:01 (4049 turns).

Dawq the Magician (Djinni Conjurer)                 Turns: 4049, Time: 00:18:01

Health: -12/45     AC:  5    Str:  6    XL:     7   Next: 89%
Gold:   227        EV: 12    Int: 22    God:
                   SH:  0    Dex: 11

rFire   + + .      SeeInvis .   x - +0 quarterstaff
rCold   x . .      Faith    .   (shield currently unavailable)
rNeg    . . .      Spirit   .   a - +0 robe
rPois   ∞          Reflect  .   k - +1 hat
rElec   .          Harm     .   g - +1 cloak
rCorr   .          Rampage  .   (no gloves)
Will    .....                   (boots unavailable)
Stlth   ++........              s - amulet of regeneration
HPRegen 0.95/turn               (no ring)
MPRegen 0.00/turn               (no ring)

@: flying, hasted, very quick
A: sickness immunity, fire resistance 2, cold vulnerability 1, float, innate
caster, HP casting, extra vitality 1
a: no special abilities


You were on level 4 of the Dungeon.
You visited 1 branch of the dungeon, and saw 4 of its levels.

You collected 227 gold pieces.

Inventory:

Hand Weapons
 h - a +0 falchion
 x - a +0 quarterstaff (weapon)
Armour
 a - a +0 robe (worn)
 f - a scarf of invisibility
 g - a +1 cloak (worn)
 k - a +1 hat (worn)
Magical Staves
 t - a staff of air
Jewellery
 s - an amulet of regeneration (around neck)
 u - an amulet of the acrobat
Scrolls
 e - a scroll of enchant armour {unknown}
 i - a scroll of silence {unknown}
 j - a scroll of fear {unknown}
 m - a scroll of blinking {unknown}
 n - 2 scrolls of teleportation {unknown}
 o - a scroll of magic mapping {unknown}
 w - a scroll of identify {unknown}
 y - a scroll of vulnerability {unknown}
Potions
 d - a potion of brilliance {unknown}
 l - a potion of degeneration {unknown}
 p - a potion of lignification {unknown}
 q - 2 potions of berserk rage {unknown}
 r - a potion of invisibility {unknown}
 v - a potion of heal wounds {unknown}
 z - a potion of magic {unknown}


   Skills:
 + Level 0.3 Fighting
 + Level 3.4 Dodging
 + Level 2.3 Stealth
 + Level 6.5 Spellcasting


You couldn't memorise any spells.
You knew the following spells:

 Your Spells              Type           Power      Damage    Failure   Level
a - Magic Dart            Conj           100%       1d8       1%          1
b - Searing Ray           Conj           70%        2d7       1%          2
c - Dazzling Flash        Conj/Hex       70%        N/A       1%          3
d - Fulminant Prism       Conj/Hex       17%        3d11      6%          4
e - Iskenderun's Mystic   Conj/Tloc      35%        2d8       6%          4
f - Freeze                Ice            100%       1d11      1%          1
g - Blink                 Tloc           70%        N/A       1%          2
h - Summon Guardian Gole  Hex/Summ       35%        N/A       1%          3
Your spell library was empty.

Dungeon Overview and Level Annotations

Branches:
Dungeon (4/15)
 Temple: D:4-7

Altars:
Trog
Wu Jian

Annotations:
D:4 Duvessa


Innate Abilities, Weirdness & Mutations

You are immune to sickness and miasma.
You are immune to poison.
Your flesh is very heat resistant. (rF++)
You are vulnerable to cold. (rC-)
You float through the air rather than walking.
You learn spells naturally, not from books.
Your magical power is your life essence.
You have superior vitality. (+4 MHP)


Message History

Aiming: Searing Ray (safe; 1% risk of failure)
Press: ? - help, Shift-Dir - straight line, f/p - Duvessa
Aim: Duvessa, wielding a +0 short sword and wearing a +0 leather armour (heavily wounded, berserk, ally target, 83% to hit)
The searing ray misses Duvessa. (Press . to maintain the ray.) Duvessa hits you with a +0 short sword.
* * * LOW HITPOINT WARNING * * *
Casting: Searing Ray (safe; 1% risk of failure)
Confirm with . or Enter, or press ? or * to list all spells.
You are still too unstable to blink.
You feel better.
You feel stable enough to blink again. Duvessa hits you with a +0 short sword!
* * * LOW HITPOINT WARNING * * *
Duvessa barely misses you.
You feel better. Duvessa barely misses you.
You feel better. Duvessa hits you with a +0 short sword!
* * * LOW HITPOINT WARNING * * *
Duvessa hits you with a +0 short sword.
* * * LOW HITPOINT WARNING * * *
You feel better. Duvessa closely misses you.
You feel better. Duvessa hits you with a +0 short sword.
Duvessa closely misses you.
It was a potion of haste.
You feel yourself speed up. Duvessa hits you with a +0 short sword!
* * * LOW HITPOINT WARNING * * *
Casting: Blink (safe; 1% risk of failure)
Confirm with . or Enter, or press ? or * to list all spells.
Aiming: Searing Ray (safe; 1% risk of failure)
Press: ? - help, Shift-Dir - straight line, f/p - Duvessa
Aim: Duvessa, wielding a +0 short sword and wearing a +0 leather armour (heavily wounded, berserk, ally target, 83% to hit)
The searing ray hits Duvessa.
Duvessa is severely wounded. (Press . to maintain the ray.)
* * * LOW HITPOINT WARNING * * *
Duvessa hits you with a +0 short sword!
* * * LOW HITPOINT WARNING * * *
You feel as though your hastened speed will last longer.
Duvessa hits you with a +0 short sword!
You die...

#............................
#.#..............##..........
# #..........#....#..........
## ###...<....................
#..#..........................
#............#. ....
.#............# ....
#............#.#.#... ....
###........9e@....## ....
#....#.....##...... ....
#....###........... . ....
#....#..)#####..... .. ....
##...#.#.......#...... ....
#...#.#.####### ..... ... #.
+.........# .....
##....###.#......
#...##.#..e).†....


You could see Duvessa (berserk, ally target) and a friendly guardian golem
(summoned).

Vanquished Creatures
  Sigmund (D:2)
  2 black bears (D:4)
  Dowan (D:4)
  2 orc priests (D:4)
  An iguana (D:4)
  2 orc wizards (D:4)
  7 adders
  3 worms
  4 dart slugs
  8 orcs (D:4)
  2 ball pythons
  6 bats
  4 endoplasms
  6 giant cockroaches
  6 goblins
  5 hobgoblins
  6 jackals (D:4)
  6 kobolds
  5 frilled lizards
  4 rats
81 creatures vanquished.

Notes
Turn   | Place    | Note
-------+----------+-------------------------------------------
     0 | D:1      | Dawq the Djinni Conjurer began the quest for the Orb.
     0 | D:1      | Dawq set off with the following spells memorised: Magic
                  | Dart, Searing Ray, Dazzling Flash, Fulminant Prism,
                  | Iskenderun's Mystic Blast.
     0 | D:1      | Reached XP level 1. HP: 15/15 MP: 0/0
   247 | D:1      | Reached XP level 2. HP: 17/21 MP: 0/0
   735 | D:1      | Found a faded altar of an unknown god.
   793 | D:1      | Reached XP level 3. HP: 21/25 MP: 0/0
   793 | D:1      | Learned a level 1 spell: Freeze
  1357 | D:2      | Reached skill level 4 in Spellcasting
  1692 | D:2      | Noticed Sigmund
  2395 | D:2      | Killed Sigmund
  2396 | D:2      | Reached skill level 5 in Spellcasting
  2396 | D:2      | Reached XP level 4. HP: 23/31 MP: 0/0
  2396 | D:2      | Reached XP level 5. HP: 26/35 MP: 0/0
  2396 | D:2      | Learned a level 2 spell: Blink
  2396 | D:2      | Reached XP level 6. HP: 29/40 MP: 0/0
  3069 | D:3      | Found a bloodstained altar of Trog.
  3069 | D:3      | Found an ornate altar of the Wu Jian Council.
  3623 | D:4      | Reached XP level 7. HP: 45/45 MP: 0/0
  3623 | D:4      | Learned a level 3 spell: Summon Guardian Golem
  3722 | D:4      | Reached skill level 6 in Spellcasting
  4010 | D:4      | Noticed Dowan
  4018 | D:4      | Killed Dowan
  4020 | D:4      | Noticed Duvessa
  4049 | D:4      | Mangled by Duvessa

Illustrated notes

Levels and vault maps discovered:
D:1:      shiori_shiawase, layout_basic, basic_ecumenical_altar
D:2:      layout_rooms, hangedman_feature_mirror, uniq_sigmund
D:3:      layout_basic, mainiacjoe_overflow_large_starburst
D:4:      layout_basic, kennysheep_another_room, grunt_decor_fettered,
          uniq_duvessa

Skill      XL: |  1  2  3  4  5  6  7 |
---------------+----------------------+-----
Spellcasting   | 5 6 |  6.5
Stealth        | 2 |  2.3
Dodging        | 3 |  3.4
Fighting       | |  0.3

Action                   |  1- 3 |  4- 6 |  7- 9 || total
-------------------------+-------+-------+-------++-------
Melee: Falchion          |     2 |       |       ||     2
 Cast: Magic Dart        |    63 |    69 |    35 ||   167
       Searing Ray       |     3 |     5 |    10 ||    18
       Dazzling Flash    |     1 |       |       ||     1
       Blink             |       |       |     3 ||     3
       Freeze            |       |       |     1 ||     1
       Summon Guardian G |       |       |     1 ||     1
  Use: Potion            |     1 |       |     7 ||     8
Armor: Robe              |     4 |    12 |    10 ||    26
Dodge: Dodged            |    10 |     8 |    22 ||    40
